AoeStats
← The Rule

MegaRandom

510575767Analyzed
4v4 RM · 2d ago on Oct 1, 2026· 33m 45s· 8 players
Game mode
Random Map
Map size
Large (8 player)
Population
200
Speed
Normal
Resources
Standard
Victory
Conquest
Starting age
Dark Age
Ending age
Imperial Age
RankedLock teamsTeams togetherTeam positionsShared explorationLock speedFull tech treeHidden civsTurbo modeCheats
Victory
Defeat
🇪🇸 Mongols · Spain
979
+14
🇸🇪 Varangians · Sweden
956
+15
🇸🇪 Huns · Sweden
955
+15
🇸🇪 Saxons · Sweden
881
+18
🇷🇺 Varangians · Russia
1017
-19
🇰🇿 Danes · Kazakhstan
957
-17
🇩🇪 Saracens · Germany
881
-13
🇷🇺 Sicilians · Russia
871
-13
THAI-MING
10:20 Feudal Age
10:58 Double-Bit Axe
13:05 Horse Collar
16:06 Castle Age
15:48 Scale Barding Armor
16:23 Bloodlines
16:59 Gold Mining
19:59 Chain Barding Armor
23:49 Loom
25:44 Forging
29:12 Heavy Plow
29:24 Bow Saw
30:29 Iron Casting
31:41 Wheelbarrow
The Rule
7:10 Loom
10:21 Feudal Age
11:21 Double-Bit Axe
17:03 Castle Age
15:43 Stone Mining
17:14 Bloodlines
18:31 Bow Saw
23:43 Gold Mining
23:53 Fletching
25:34 Padded Archer Armor
27:18 Ballistics
27:25 Leather Archer Armor
27:09 Bodkin Arrow
28:15 Town Watch
35:16 Imperial Age
34:01 Wheelbarrow
Shusai
11:34 Feudal Age
15:58 Castle Age
13:53 Double-Bit Axe
16:59 Bow Saw
22:48 Horse Collar
25:08 Wheelbarrow
26:01 Heavy Plow
30:17 Scale Barding Armor
30:22 Forging
31:32 Hand Cart
32:28 Husbandry
32:38 Bloodlines
32:52 Chain Barding Armor
33:07 Iron Casting
33:01 Marauders
Avipt
11:25 Feudal Age
12:02 Double-Bit Axe
12:04 Horse Collar
21:41 Castle Age
20:00 Gold Mining
20:00 Stone Mining
22:27 Pikeman
23:07 Squires
24:37 Gambesons
25:07 Crossbowman
27:44 Arson
27:53 Fletching
29:35 Forging
32:47 Iron Casting
34:03 Bow Saw
KOMMEPCAHT
5:08 Loom
12:49 Feudal Age
18:09 Castle Age
16:37 Double-Bit Axe
16:33 Horse Collar
18:24 Wheelbarrow
20:19 Hand Cart
24:16 Husbandry
24:32 Fishing Lines
25:16 Bloodlines
27:51 Gold Mining
28:06 Gillnets
28:53 Forging
30:29 Scale Barding Armor
31:37 Chain Barding Armor
31:46 Vendel Legacy
fefibagigapaba
0:29 Loom
11:23 Feudal Age
11:53 Double-Bit Axe
12:23 Horse Collar
16:40 Castle Age
20:30 Wheelbarrow
21:33 Heavy Plow
21:45 Bow Saw
21:27 Fletching
22:34 Stone Mining
24:20 Stone Shaft Mining
25:16 Ballistics
26:40 Hand Cart
27:14 Bodkin Arrow
27:41 Squires
27:45 Scale Mail Armor
27:56 Forging
28:31 Gold Mining
30:23 Gold Shaft Mining
31:02 Masonry
34:47 Imperial Age
32:03 Town Watch
Mistăr
0:35 Loom
10:46 Feudal Age
11:14 Horse Collar
11:24 Double-Bit Axe
19:05 Castle Age
18:13 Forging
17:54 Fletching
19:00 Arson
20:05 Heavy Plow
21:59 Bodkin Arrow
22:11 Gold Mining
23:08 Husbandry
25:00 Squires
Adment_Vk
1:09 Loom
12:10 Feudal Age
13:20 Double-Bit Axe
19:56 Castle Age
20:55 Horse Collar
25:41 Heavy Plow
26:37 Bow Saw
28:05 Wheelbarrow
29:26 Hand Cart
31:01 First Crusade
30:13 Elite Skirmisher
Connection lost

Rejoining the realm…

Still unreachable

The connection could not be restored.

Session expired

The server has moved on; the page needs a fresh start.